Unix NetHack Version 5.0.0-0 post-release - last build May  4 2026 22:22:43 (774f63e81ad911689b3a0859ea89b322d5daca8d,branch:main).

Game began 2026-05-07 16:21:38, ended 2026-05-07 17:19:07.

Brudee, chaotic female human Barbarian

                           --------------------------------
                           |.......%S...........%.........|
                           ..------|-....----....------|-.|
                           |.|   |.@|....|..|---.|(((|..|..
                           |.-.  |@{|....|..|  +.|(((|.(|.|
                           |.|-------....|..|  |.|...|((|.|
                            .|....|......--|----.-|-----|.|
                           |.|....|.-|--.............-..|.|
                           |.|._..-.|..--|-..{..--|-.|..|.|
                           |.|....|.|..|..|.....|..|.----.|
                           |.|-----.|..|..|.....|..|......|
                            .|.. |..|------|-...----......|
                           |.|...-..)..|....|..)..........|
                           |.|...|..|..|...`|.............|
                           |.-----..---------.............|
                           |..............................|
                           --------------------------------

Brudee the Bandit          St:18/01 Dx:16 Co:18 In:8 Wi:7 Ch:6  Chaotic S:5975
Dlvl:7  $:1693 HP:0(88) Pw:15(15) AC:6  Xp:7/872 T:5208 

Latest messages:
 The water moccasin bites!
 You smite the water moccasin!
 The water moccasin bites!
 The water moccasin bites!
 You smite the water moccasin!
 The water moccasin just misses!
 You smite the water moccasin!
 The water moccasin bites!
 The watchman throws a spear!
 The spear misses the watchman.
 A spear misses you.
 The water moccasin just misses!
 In what direction? k
 The door resists!
 In what direction? k
 The door resists!
 In what direction? k
 The door resists!
 The watchman picks up a spear.
 In what direction? k
 The door closes.
 The watchman opens a door.
 You see the water moccasin slither under a corpse.
 What do you want to dip? [b-df-jl-zA-VX or ?*] ?
 What do you want to dip? [b-df-jl-zA-VX or ?*] <space>
 Never mind.
 What do you want to use or apply? [ciuxAC-FHIPT-VX or ?*] V
 You now wield an uncursed pick-axe.
 In what direction do you want to dig? [hynjb>] >
 You start digging downward.
 The watchman picks up a knife.
 You stop digging.
 The watchman thrusts her spear.
 The watchman hits!
 What do you want to read? [cgmvwzB-EKLR or ?*] ?
 You begin to memorize the runes.
 The watchman thrusts her spear.
 The watchman hits!
 You stop studying.
 What do you want to use or apply? [ciuxAC-FHIPT-VX or ?*] U
 In what direction? u
 Status of the watchman (chaotic, medium):  Level 6  HP 26(26)  AC 3.
 What do you want to read? [cgmvwzB-EKLR or ?*] ?
 You begin to memorize the runes.
 You stop studying.
 The watchman thrusts her spear.
 The watchman hits!
 You die...
 Do you want your possessions identified? [ynq] (y) y
 Do you want to see your attributes? [ynq] (y) q

Inventory:
 Coins    ('$')
  $ - 1693 gold pieces
 Weapons  (')')
  s - 12 blessed +1 darts
  j - a +0 long sword
  y - a +0 long sword
  f - the rustproof +2 Ogresmasher
  b - a +0 short sword (alternate weapon; not wielded)
 Armor    ('[')
  G - an uncursed +0 orcish helm (being worn)
  h - a cursed +1 pair of leather gloves
  M - an uncursed +0 pair of iron shoes (being worn)
  N - a blessed +1 dwarvish cloak (being worn)
 Comestibles  ('%')
  d - an uncursed food ration
 Scrolls  ('?')
  m - an uncursed scroll of blank paper
  K - an uncursed scroll of charging
  R - an uncursed scroll of enchant weapon
  v - an uncursed scroll of gold detection
  w - an uncursed scroll of light
  B - a blessed scroll of magic mapping
  L - an uncursed scroll of magic mapping
  g - an uncursed scroll of punishment
  z - an uncursed scroll of scare monster
 Spellbooks  ('+')
  D - an uncursed spellbook of chain lightning
  C - an uncursed spellbook of clairvoyance
  E - an uncursed spellbook of detect food
  c - an uncursed spellbook of remove curse
 Potions  ('!')
  O - an uncursed potion of confusion
  p - an uncursed potion of oil
  t - a blessed potion of see invisible
  o - 2 uncursed potions of sickness
  r - an uncursed potion of speed
  l - a potion of holy water
  q - 3 uncursed potions of water
 Wands    ('/')
  A - a blessed wand of make invisible (0:4)
  i - a wand of secret door detection (0:14)
  u - a wand of striking (0:4)
  P - a wand of striking (0:0)
  F - a wand of undead turning (0:7)
 Tools    ('(')
  H - an empty uncursed sack
  X - an uncursed blindfold
  V - a +0 pick-axe (weapon in right hand)
  I - an uncursed skeleton key
  T - an uncursed skeleton key
  U - an uncursed stethoscope
  x - an uncursed tallow candle
 Gems/Stones  ('*')
  J - an uncursed amethyst stone
  S - 2 uncursed black opals
  Q - an uncursed worthless piece of yellow glass
  n - an uncursed luckstone

Brudee the Barbarian's attributes:

Background:
 You were a Bandit, a level 7 female human Barbarian.
 You were chaotic, on a mission for Set
 who was opposed by Mitra (lawful) and Crom (neutral).
 You were right-handed.
 You were in the Gnomish Mines, on level 7.
 You entered the dungeon 5208 turns ago.
 You had 872 experience points, 408 more were needed to attain level 8.
 Your score was 5975 before end-of-game adjustments.

Basics:
 You had 0 out of 88 hit points.
 You had all 15 energy points (spell power).
 Your armor class was 6.
 Your wallet contained 1693 zorkmids.
 Autopickup was on for '$"?+!=/' plus thrown.

Final Characteristics:
 Your strength was 18/01 (limit:18/100).
 Your dexterity was 16 (peak:17, limit:18).
 Your constitution was 18 (limit:18).
 Your intelligence was 8 (limit:18).
 Your wisdom was 7 (limit:18).
 Your charisma was 6 (limit:18).

Final Status:
 You weren't hungry.
 You were unencumbered.
 You were wielding a pick-axe.
 You were unskilled in pick-axe.

Final Attributes:
 You were piously aligned.
 Your items were somewhat protected from fire.
 Your items were somewhat protected from cold.
 You were poison resistant.
 You were telepathic.
 You were warded.
 You were fast.
 You were lucky.
 You had extra luck.
 Bad luck did not time out for you.
 Good luck did not time out for you.
 You are dead.

Miscellaneous:
 You encountered 1 bones level.
 Total elapsed playing time was 57 minutes and 28 seconds.

Major events:
 Turn
    1: Brudee the chaotic female human Barbarian entered the dungeon
  237: attained the rank of Pillager (level 3)
 2757: attained the rank of Bandit (level 6)
 4625: entered the Gnomish Mines
 4858: found Ogresmasher carried by a monster
 4936: reached Mine Town
 5208: killed by a watchman

You didn't know any spells.

Skills:
 Fighting Skills
   bare handed combat [Basic]
   two weapon combat  [Unskilled]
   riding             [Unskilled]
 Weapon Skills
   dagger             [Unskilled]
   axe                [Basic]
   pick-axe           [Unskilled]
   short sword        [Basic]
   broadsword         [Unskilled]
   long sword         [Unskilled]
   two-handed sword   [Unskilled]
   saber              [Unskilled]
   club               [Unskilled]
   mace               [Unskilled]
   morning star       [Unskilled]
   flail              [Unskilled]
   hammer             [Unskilled]
   quarterstaff       [Unskilled]
   spear              [Unskilled]
   trident            [Unskilled]
   bow                [Unskilled]
 Spellcasting Skills
   attack spells      [Unskilled]
   escape spells      [Unskilled]

Voluntary challenges:
 Character rerolling was not enabled.
 You never genocided any monsters.
 You never polymorphed an object.
 You never changed form.
 You used no wishes.
Achievements:
 You attained the rank of Pillager.
 You entered a shop.
 You attained the rank of Bandit.
 You entered the Gnomish Mines.
 You entered Minetown.
 You entered a temple.

 The Dungeons of Doom: levels 1 to 6
    Level 1:
       A fountain.
    Level 2:
       A fountain.
    Level 3:
       A potion shop, a sink.
       Stairs down to The Gnomish Mines.
    Level 4:
       A sink.
    Level 5:
       An altar to Set.
    Level 6:
 The Gnomish Mines: levels 4 to 7
    Level 4:
    Level 5:
       A grave.
       Final resting place for
          poiuztrewq-Hea-Hum-Fem-Neu, killed by a gnome king.
    Level 6:
    Level 7: <- You were here.
       Some shops, a temple and an altar, a fountain, a sink.
       Final resting place for
          you, killed by a watchman.


Vanquished creatures:
  a ghost
  2 small mimics
  2 gnome rulers
  2 dogs
  a dust vortex
  a wood nymph
  a water nymph
 an Uruk-hai
  2 rock piercers
  a yellow light
  4 gnome leaders
  2 gnomish wizards
 an elf zombie
  a ghoul
  a paper golem
  4 giant ants
  2 floating eyes
  3 dwarves
  5 hill orcs
  a rothe
  a rabid rat
  2 monkeys
 an orc zombie
  4 iguanas
  2 acid blobs
  a gas spore
  a hobbit
  2 giant rats
  2 yellow molds
 16 gnomes
  3 garter snakes
  2 geckos
  4 jackals
  2 foxes
  a kobold
  a goblin
  a sewer rat
  a grid bug
  2 bats
  2 lichens
  a kobold zombie
  2 newts
92 creatures vanquished.

No species were genocided or became extinct.

Game over:
                       ----------
                      /          \
                     /    REST    \
                    /      IN      \
                   /     PEACE      \
                  /                  \
                  |      Brudee      |
                  |     1693 Au      |
                  |   killed by a    |
                  |     watchman     |
                  |                  |
                  |                  |
                  |       2026       |
                 *|     *  *  *      | *
        _________)/\\_//(\/(/\)/\//\/|_)_______

Goodbye Brudee the Barbarian...

You died in The Gnomish Mines on dungeon level 7 with 5806 points,
and 1693 pieces of gold, after 5208 moves.
You were level 7 with a maximum of 88 hit points when you died.

